 Dungeon Crawl Stone Soup version 0.21.1-1-g345015f (webtiles) character file.

20 letownia2 the Stinger (level 2, 14/15 HPs)
             Began as a Gargoyle Venom Mage on Feb 13, 2018.
             Quit the game on level 3 of the Dungeon.
             The game lasted 00:02:41 (485 turns).

letownia2 the Stinger (Gargoyle Venom Mage)          Turns: 485, Time: 00:02:41

Health: 14/15      AC:  5    Str: 11    XL:     2   Next: 79%
Magic:  5/5        EV: 11    Int: 15    God:
Gold:   79         SH:  0    Dex: 10    Spells: 2/5 levels left

rFire    . . .     SeeInvis .   f - +0 spear
rCold    . . .     Gourm    .   (no shield)
rNeg     + . .     Faith    .   h - +0 leather armour
rPois    ∞         Spirit   .   (no helmet)
rElec    +         Reflect  .   (no cloak)
rCorr    .         Harm     .   (no gloves)
MR       .....                  (no boots)
Stlth    ++........             (no amulet)
HPRegen  0.05/turn              (no ring)
MPRegen  0.09/turn              (no ring)

@: no status effects
A: negative energy resistance 1, electricity resistance, unbreathing,
petrification resistance, rot immunity, AC +2
a: no special abilities


You were on level 3 of the Dungeon.
You were not hungry.

You visited 1 branch of the dungeon, and saw 4 of its levels.

You collected 79 gold pieces.

Inventory:

Hand Weapons
 f - a +0 spear (weapon)
Armour
 a - a +0 robe
 h - a +0 leather armour (worn)
Scrolls
 d - a scroll of remove curse {unknown}
 i - a scroll of identify {unknown}
 j - a scroll of fog {unknown}
 k - a scroll of amnesia {unknown}
Potions
 e - a potion of heal wounds {unknown}
 g - a potion of mutation {unknown}
 l - a potion of haste {unknown}
Books
 b - a Young Poisoner's Handbook

   Spells                             Type                      Level
   a - Sting                          Conjuration/Poison           1
   b - Poisonous Vapours              Poison/Air                   2
   c - Mephitic Cloud                 Conjuration/Poison/Air       3
   d - Olgreb's Toxic Radiance        Poison                       4
   e - Venom Bolt                     Conjuration/Poison           5
Comestibles
 c - 2 rations


   Skills:
 - Level 1.5 Dodging
 - Level 2.1 Stealth
 - Level 2.0 Spellcasting
 + Level 3.0 Conjurations
 - Level 3.0 Poison Magic


You had 2 spell levels left.
You knew the following spells:

 Your Spells              Type           Power        Failure   Level  Hunger
a - Sting                 Conj/Pois      ##..         9%          1    #......
v - Poisonous Vapours     Pois/Air       #.....       24%         2    ###....


Dungeon Overview and Level Annotations

Branches:
Dungeon (4/15)
 Temple: D:4-7

Altars:
Kikubaaqudgha


Innate Abilities, Weirdness & Mutations

You are resistant to torment.
Your stone body is resilient. (AC +2)
You are immune to poison.
You resist negative energy. (rN+)
You are resistant to electric shocks. (rElec)
You can survive without breathing.
You are immune to petrification.
You are immune to rotting.


Message History

Your Conjurations skill increases to level 3!
Unknown command.
Found an ancient bone altar of Kikubaaqudgha.
l - a red potion Unknown command.
Unknown command.
Found 21 gold pieces.
You now have 70 gold pieces (gained 12).
You now have 79 gold pieces (gained 9).
Found a stone staircase leading up.
There is a stone staircase leading up here.
You climb upwards.
There is a stone staircase leading down here.
You climb downwards.
There is a stone staircase leading up here.
You open the door.
There is an open door here.
You open the door.
There is an open door here.
Are you sure you want to abandon this character and quit the game? (Confirm with "yes".)

.#.## #..# ##.# #.#
##'## #.# #...## #.#
.....## ##.# ......##
##..#
.......####...##########
.......'........@.......
.......####.....######..
......## ##.##.# .....##
####.# #...## #.# ##+#
#.# ## # #.# _ .. #.#
##.## #.#


There were no monsters in sight!

Vanquished Creatures
  An adder (D:2)
  A worm (D:3)
  2 goblins
  A hobgoblin (D:2)
  2 jackals (D:3)
  A frilled lizard (D:2)
8 creatures vanquished.

Notes
Turn   | Place    | Note
-------+----------+-------------------------------------------
     0 | D:1      | letownia2 the Gargoyle Venom Mage began the quest for the Orb.
     0 | D:1      | Reached XP level 1. HP: 10/10 MP: 3/3
    63 | D:2      | Reached XP level 2. HP: 8/15 MP: 0/5
   352 | D:4      | Noticed an ogre
   354 | D:4      | Noticed a phantom
   359 | D:3      | Learned a level 2 spell: Poisonous Vapours
   374 | D:3      | Found an ancient bone altar of Kikubaaqudgha.
   485 | D:3      | Quit the game

Skill      XL: |  1  2 |
---------------+-------+-----
Conjurations   | 2 3 |  3.0
Dodging        | |  1.5
Stealth        | |  2.1
Spellcasting   | |  2.0
Poison Magic   | |  3.0

Action                   || total
-------------------------++-------
Melee: Spear             ||    14
 Cast: Sting             ||    20
       Poisonous Vapours ||     2
Armor: Robe              ||     3
Dodge: Dodged            ||     9
